 Dungeon Crawl Stone Soup version 0.29-a0-551-gffc1d7fb78 (webtiles) character file.

Game seed: 7119638030596284248

85 Sabo the Chopper (level 4, 0/40 HPs)
             Began as a Hill Orc Monk on June 5, 2022.
             Was a Believer of Uskayaw.
             Slain by Robin
             ... wielding a +2 vorpal spear
              (1 damage)
             ... on level 3 of the Dungeon.
             The game lasted 00:14:12 (3047 turns).

Sabo the Chopper (Hill Orc Monk)                    Turns: 3047, Time: 00:14:13

Health: 0/40       AC:  9    Str: 17    XL:     4   Next: 48%
Magic:  2/4        EV:  7    Int:  5    God:    Uskayaw [**....]
Gold:   173        SH:  0    Dex: 13    Spells: 3/3 levels left

rFire   + + .      SeeInvis .   a - +0 hand axe
rCold   + . .      Faith    .   (no shield)
rNeg    + + .      Spirit   .   i - +0 chain mail
rPois   .          Reflect  .   (no helmet)
rElec   .          Harm     .   k - scarf {rC+ rF+}
rCorr   .          Rampage  .   f - +0 pair of gloves
Will    .....                   (no boots)
Stlth   ..........              (no amulet)
HPRegen 0.13/turn               l - ring of Qatuynuth {rF+ rN++ Str+2 Int-5 Stlth+}
MPRegen 0.09/turn               (no ring)

@: no status effects
A: no striking features
a: Renounce Religion, Stomp, Line Pass


You were on level 3 of the Dungeon.
You worshipped Uskayaw.
Uskayaw was noncommittal.
You visited 1 branch of the dungeon, and saw 3 of its levels.

You collected 173 gold pieces.

Inventory:

Hand Weapons
 a - a +0 hand axe (weapon)
 d - a +0 hunting sling
Armour
 f - a +0 pair of gloves (worn)
 i - a +0 chain mail (worn)
 k - a scarf of resistance (worn)
 p - a +0 cloak
Jewellery
 l - the ring of Qatuynuth (left hand) {rF+ rN++ Str+2 Int-5 Stlth+}
   (You found it on level 2 of the Dungeon)

   [ring of protection from fire]

   Str:       It affects your strength (+2).
   Int:       It affects your intelligence (-5).
   rF:        It protects you from fire.
   rN:        It greatly protects you from negative energy.
   Stlth:     It makes you more stealthy.
Scrolls
 b - a scroll of vulnerability {unknown}
 j - a scroll of magic mapping
 q - a scroll of teleportation
 s - a scroll of noise {unknown}
Potions
 c - 3 potions of ambrosia
 g - 2 potions of attraction {unknown}
 h - a potion of invisibility {unknown}
 m - a potion of mutation {unknown}
 o - a potion of flight {unknown}
 r - 2 potions of heal wounds {unknown}


   Skills:
 + Level 4.1 Fighting
 + Level 5.3 Axes
 + Level 2.2 Armour
 + Level 2.6 Dodging
 + Level 1.7 Stealth


You had 3 spell levels left.
You didn't know any spells.
Your spell library was empty.

Dungeon Overview and Level Annotations

Branches:
Dungeon (3/15)

Altars:
Uskayaw
Xom

Annotations:
D:3 Robin


Message History

Robin hits you but does no damage.
You see here a +0 dagger.
You hit Robin.
Robin is lightly wounded.
You hit the goblin but do no damage. The goblin barely misses you.
Robin hits you but does no damage.
You hit Robin.
Robin is moderately wounded.
You completely miss the goblin. Robin hits you but does no damage.
The goblin hits you but does no damage.
You hit Robin but do no damage.
Robin is moderately wounded.
You hit the goblin.
You kill the goblin!
Robin barely misses you.
You can now pass through a line of other dancers.
You hit Robin.
Robin is heavily wounded.
Robin hits you with a +2 vorpal spear!
You closely miss Robin.
Robin is heavily wounded.
Robin hits you with a +2 vorpal spear.
You closely miss Robin.
Robin is heavily wounded.
Robin barely misses you.
You barely miss Robin.
Robin is heavily wounded.
Robin hits you with a +2 vorpal spear.
You slash Robin!
Robin is almost dead.
Robin hits you but does no damage.
You barely miss Robin.
Robin is almost dead.
Robin hits you with a +2 vorpal spear.
* * * LOW HITPOINT WARNING * * *
x2 You barely miss Robin.
Robin is almost dead.
Robin hits you with a +2 vorpal spear.
* * * LOW HITPOINT WARNING * * *
You die...

### ..# #.#
#.# #<# #g#
#### #@#
.....##)#
#..))#######
#..........#
##.#######.#
#. #.# ###
#. #.# ..# #
#.# ..# #.##
#.#


You could see Robin.

Vanquished Creatures
  3 adders
  2 dart slugs
  5 bats
  5 endoplasms
  A giant cockroach (D:1)
  7 goblins
  7 hobgoblins
  A quokka (D:3)
  9 ball pythons
  3 frilled lizards
  6 kobolds
  3 rats
52 creatures vanquished.

Notes
Turn   | Place    | Note
-------+----------+-------------------------------------------
     0 | D:1      | Sabo the Hill Orc Monk began the quest for the Orb.
     0 | D:1      | Reached XP level 1. HP: 19/19 MP: 1/1
   392 | D:1      | Reached XP level 2. HP: 18/27 MP: 2/2
  1143 | D:1      | Reached XP level 3. HP: 32/33 MP: 3/3
  1281 | D:1      | Found a faded altar of an unknown god.
  1292 | D:1      | Prayed at the altar of an unknown god.
  1292 | D:1      | Became a worshipper of Uskayaw the Reveller
  1292 | D:1      | Reached * piety under Uskayaw
  1292 | D:1      | Reached ** piety under Uskayaw
  1650 | D:2      | Identified the ring of Qatuynuth {rF+ rN++ Str+2 Int-5
                  | Stlth+}
  1679 | D:2      | Reached skill level 5 in Axes
  1923 | D:2      | Found a shimmering altar of Xom.
  2271 | D:2      | Reached skill level 1 in Armour
  2449 | D:2      | Reached XP level 4. HP: 35/40 MP: 4/4
  3027 | D:3      | Noticed Robin
  3047 | D:3      | HP: 1/40 [Robin/+2 vorpal spear (4)]
  3047 | D:3      | Slain by Robin

Illustrated notes

Levels and vault maps discovered:
D:1:      wander_arrival_chamber, layout_loops_corners,
          chequers_ecumenical_altar_island, st_stairs_6, minmay_ruptured
D:2:      layout_loops_ring, basic_altar, nicolae_underground_beach
D:3:      layout_loops_ring, uniq_robin

Skill      XL: |  1  2  3  4 |
---------------+-------------+-----
Fighting       | 4 |  4.1
Axes           | 5 |  5.3
Armour         | 1 2 |  2.2
Dodging        | |  2.6
Stealth        | |  1.7

Action                   |  1- 3 |  4- 6 || total
-------------------------+-------+-------++-------
Melee: Hand axe          |   126 |    54 ||   180
Invok: Stomp             |     1 |     1 ||     2
  Use: Scroll            |       |     2 ||     2
 Stab: Sleeping          |     2 |       ||     2
Armor: Robe              |     4 |       ||     4
       Scale mail        |    21 |       ||    21
       Chain mail        |    60 |    32 ||    92
Dodge: Dodged            |    59 |    29 ||    88

Table legend: (Time is in decaauts)
 A = Elapsed time spent in this place.
 B = Non-inter-level travel time spent in this place.
 C = Inter-level travel time spent in this place.
 D = Time resting spent in this place.
 E = Time spent auto-exploring this place.
 F = Levels seen in this place.
 G = Mean time per level.
                   A        B        C        D        E       F      G
               +--------+--------+--------+--------+--------+-----+--------+
         Total |   3068 |   3068 |      0 |    573 |      0 |   3 | 1022.7 |
       Dungeon |   3068 |   3068 |      0 |    573 |      0 |   3 | 1022.7 |
               +--------+--------+--------+--------+--------+-----+--------+

Top non-repeatable levels by time:
     D:1: 1615 daAuts
     D:2: 1039 daAuts
     D:3: 413 daAuts
